 Dungeon Crawl Stone Soup version 0.29.1-15-g9cfb28693d (webtiles) character file.

Game seed: 11753553037958299521

7615 SgtChris the Sneak (level 10, -3/82 HPs)
             Began as a White Draconian Brigand on Mar 4, 2023.
             Was an Elder of Jiyva.
             Killed by divine providence
             ... invoked by an orc priest
              (11 damage)
             ... on level 2 of the Orcish Mines.
             The game lasted 00:53:13 (9141 turns).

SgtChris the Sneak (White Draconian Brigand)        Turns: 9141, Time: 00:53:14

Health: -3/82      AC:  8    Str: 16    XL:     10   Next: 98%
Magic:  15/16      EV: 14    Int: 19    God:    Jiyva [****..]
Gold:   430        SH:  0    Dex: 15    Spells: 11/17 levels left

rFire   . . .      SeeInvis +   a - +2 dagger
rCold   + + .      Faith    +   (no shield)
rNeg    . . .      Spirit   .   (body armour unavailable)
rPois   .          Reflect  .   (helmet unavailable)
rElec   .          Harm     .   b - +0 cloak
rCorr   +          Rampage  .   (no gloves)
Will    ++...                   (no boots)
Stlth   ++++......              s - amulet of faith
HPRegen 1.51/turn               i - +6 ring of intelligence
MPRegen 0.55/turn               l - ring of protection from cold

@: about to teleport, short of breath, on berserk cooldown, flying, slowed, very
slow
A: breathe frost, AC +7, unfitting armour, cold resistance 1, cold-blooded,
antennae 3, big wings, thin skeletal structure 1, strong-willed 2, wild magic 2,
tendrils, jelly sensing items
a: Breathe Frost, Renounce Religion, Oozemancy, Slimify


You were on level 2 of the Orcish Mines.
You worshipped Jiyva.
Jiyva was greatly pleased with you.
You visited 2 branches of the dungeon, and saw 11 of its levels.
You also visited: Ossuary.

You collected 514 gold pieces.
You spent 84 gold pieces at shops.

Inventory:

Hand Weapons
 a - a +2 dagger (weapon)
 f - a +1 arbalest
 r - the +0 longbow of the Blushing Sybil {freeze, Will+}
   (You acquired it on level 9 of the Dungeon)

   Any ammunition fired from it freezes those it strikes, dealing additional
   cold damage.
   It can also slow down cold-blooded creatures.
   Will:      It increases your willpower.
Missiles
 c - 16 poisoned darts (quivered)
 k - 5 boomerangs
 n - a throwing net
Armour
 b - a +0 cloak (worn)
Jewellery
 e - a ring of resist corrosion
 i - a +6 ring of intelligence (left hand)
 l - a ring of protection from cold (right hand)
 s - an amulet of faith (around neck)
 D - a ring of protection from cold
Wands
 o - a wand of mindburst (6)
 A - a wand of charming (1)
Scrolls
 y - 2 scrolls of amnesia
Potions
 g - 2 potions of cancellation {unknown}
 h - 5 potions of curing {unknown}
 p - 2 potions of haste
 q - a potion of flight {unknown}
 u - 2 potions of magic {unknown}
 w - a potion of ambrosia {unknown}
 x - 2 potions of degeneration {unknown}
 C - 2 potions of lignification


   Skills:
 * Level 5.6 Fighting
 * Level 5.6 Short Blades
 * Level 5.2 Ranged Weapons
 * Level 4.6 Throwing
 * Level 5.0 Dodging
 * Level 6.5 Stealth
 * Level 4.0 Spellcasting
 * Level 3.8 Hexes
 * Level 3.5 Transmutations
 * Level 2.9 Fire Magic
 * Level 5.1 Ice Magic
 * Level 3.4 Poison Magic
 * Level 3.4 Evocations


You had 11 spell levels left.
You knew the following spells:

 Your Spells              Type           Power      Damage    Failure   Level
a - Ensorcelled Hibernat  Hex/Ice        66%        N/A       9%          2
b - Ignite Poison         Fire/Tmut/Pois 26%        N/A       22%         3
c - Summon Small Mammal   Summ           24%        N/A       28%         1

Your spell library contained the following spells:

 Spells                   Type           Power      Damage    Failure   Level
 Passwall                 Tmut/Erth      14%        N/A       21%         2
 Apportation              Tloc           12%        N/A       28%         1
 Necrotise                Necr           24%        1d5       28%         1
 Conjure Flame            Conj/Fire      15%        6-21      38%         3
 Gell's Gravitas          Tloc           6%         N/A       56%         3
 Swiftness                Air            6%         N/A       56%         3
 Teleport Other           Tloc           6%         N/A       56%         3
 Sticky Flame             Conj/Fire      15%        2d4       75%         4
 Dispersal                Tloc           3%         N/A       100%        6


Dungeon Overview and Level Annotations

Branches:
Dungeon (9/15)             Temple (0/1) D:6            Lair (0/5) D:9
    Orc (2/2) D:9         Ossuary (visited)
    Elf: Orc:2

Altars:
Ashenzari
Dithmenos
Gozag
Makhleb
Qazlal
Vehumet
The Shining One
Jiyva

Shops:
D:4 :(   D:9 !


Innate Abilities, Weirdness & Mutations

You can breathe waves of freezing cold which knock back foes.
Your icy white scales are hard. (AC +7)
You cannot fit into any form of body armour.
Your flesh is cold resistant. (rC+)
You are cold-blooded and may be slowed by cold attacks.
You have a pair of large antennae on your head. (SInv)
Your large and strong wings let you fly.
You have a somewhat thin skeletal structure. (Dex +2, Stealth+)
You are highly strong-willed. (Will++)
Your spells are harder to cast, but more powerful.
You are covered in slimy tendrils that may disarm your opponents.
You have a small jelly attached to you that senses nearby items.


Message History

The orc priest calls down the wrath of Beogh upon you.
Beogh smites you! The orc warrior hits you!
The orc hits you but does no damage. The orc priest closely misses you.
Items here: )) [ †.
You puncture the orc priest!
Your tail-slap misses the orc priest.
The orc priest is almost dead.
The orc priest misses you.
The orc warrior hits you but does no damage.
The orc barely misses you.
You closely miss the orc priest.
Your tail-slap misses the orc priest.
The orc priest is almost dead.
The orc priest hits you with a +0 whip.
You puncture the orc priest!
You kill the orc priest!
An orc priest comes into view. It is wielding a +0 club.
The orc priest shouts!
An orc priest comes into view. It is wielding a +0 club.
The orc priest casts a cantrip, but nothing happens.
The orc priest hits you with a +0 whip.
Items here: )))) †.
The orc priest shouts!
You hit the orc warrior.
The orc warrior is severely wounded.
You are no longer berserk.
You are exhausted.
You feel yourself slow down.
You hear a shout!
An orc high priest comes into view. It is wielding a +0 scimitar.
The orc warrior completely misses you.
As you read the scroll of teleportation, it crumbles to dust.
You feel strangely unstable.
The orc priest mumbles some strange prayers to Beogh against you.
Beogh smites you!
* * * LOW HITPOINT WARNING * * *
The orc warrior hits you.
* * * LOW HITPOINT WARNING * * *
The orc hits you but does no damage.
The orc priest mumbles some strange prayers to Beogh against you.
Beogh smites you!
You die...

#...## ##....## #......
####....## ##........##
#.......)..##
#####..#...))..#
##.#.o†[)...)[.o#{
#..)[o@..)...)..oo.o.
##.#.o.....#...o)o...
####.#....o....).)..
#.......o....#.#.#
#######...........#....
#...#.#..........## ...
##.#..............# #.
##...#.#...........#
###.......####.......#


You could see an orc warrior, 3 orc priests and an orc.

Vanquished Creatures
  Gastronok (D:9)
  A death yak (D:9)
  Pikel (D:8)
  An orc sorcerer (Orc:1)
  A troll (D:9)
  A wyvern (D:9)
  3 yaks (D:9)
  An ice beast (D:8)
  An orc warrior (Orc:2)
  A sky beast (D:6)
  5 ogres
  A centaur (D:6)
  An elf zombie (Ossuary)
  A phantom (D:4)
  3 bullfrogs
  2 necrophages
  A gnoll sergeant (D:9)
  2 scorpions (D:5)
  8 wights
  8 killer bees
  3 howler monkeys
  A centaur zombie (Ossuary)
  6 orc priests
  3 hounds
  2 iguanas
  8 orc wizards
  3 adders
  6 gnolls
  A white imp (D:5)
  An ufetubus (D:4)
  A dart slug (D:1)
  The ghost of user425776 the Sneak, a weakling SpDe (D:5)
  17 orcs
  3 ball pythons
  4 endoplasms
  5 giant cockroaches
  3 goblins
  6 hobgoblins
  8 kobolds
  5 quokkas
  2 bats
  3 frilled lizards
  10 hobgoblin zombies (Ossuary)
  2 jackal zombies (Ossuary)
  7 kobold zombies (Ossuary)
  4 orc zombies (Ossuary)
  A rat (D:2)
160 creatures vanquished.

Vanquished Creatures (collateral kills)
  2 death yaks (D:9)
  2 orc warriors (Orc:2)
  3 orc priests (Orc:2)
  3 orcs
10 creatures vanquished.

Vanquished Creatures (others)
  A kobold brigand (D:9)
  A howler monkey (D:4)
  A human zombie (Ossuary)
  17 jellies
  2 orc priests (D:6)
  A hound (D:6)
  An orc wizard (D:6)
  A mummy (Ossuary)
  2 gnolls (D:9)
  3 adders
  2 shadow imps
  A white imp (D:6)
  A worm (D:3)
  6 orcs
  A ball python (D:3)
  A bat (D:3)
  An endoplasm (Orc:2)
  A goblin zombie (Ossuary)
  2 hobgoblin zombies (Ossuary)
  3 jackal zombies (Ossuary)
  6 kobolds
  3 kobold zombies (Ossuary)
  2 orc zombies (Ossuary)
  2 rats (D:3)
  2 withered plants (D:5)
64 creatures vanquished.

Grand Total: 234 creatures vanquished

Notes
Turn   | Place    | Note
-------+----------+-------------------------------------------
     0 | D:1      | SgtChris the Draconian Brigand began the quest for the Orb.
     0 | D:1      | Reached XP level 1. HP: 17/17 MP: 1/1
    53 | D:1      | Reached skill level 1 in Dodging
   337 | D:1      | Reached XP level 2. HP: 19/24 MP: 2/2
   549 | D:2      | Reached skill level 4 in Stealth
  1467 | D:1      | Reached XP level 3. HP: 24/29 MP: 3/3
  1576 | D:1      | Found a faded altar of an unknown god.
  1663 | D:1      | Prayed at the altar of an unknown god.
  1663 | D:1      | Became a worshipper of Jiyva Jeerch the Shapeless
  1663 | D:1      | Reached * piety under Jiyva
  2218 | D:3      | Reached skill level 1 in Ranged Weapons
  2444 | D:3      | Learned a level 2 spell: Ensorcelled Hibernation
  2463 | D:3      | Reached ** piety under Jiyva
  2467 | D:3      | Found a burning altar of Makhleb.
  3036 | D:4      | Reached XP level 4. HP: 28/37 MP: 3/5
  3249 | D:4      | Noticed a necrophage
  3264 | D:4      | Killed a necrophage
  3265 | D:4      | Reached XP level 5. HP: 35/42 MP: 6/6
  3434 | D:4      | Found Fiyppil's Book Shop.
  3442 | D:4      | Learned a level 3 spell: Ignite Poison
  3469 | D:4      | Found Voabah's Antique Weapon Emporium.
  3469 | D:4      | Noticed an ogre
  3476 | D:4      | Killed an ogre
  3477 | D:4      | Reached skill level 1 in Spellcasting
  3509 | D:4      | Reached *** piety under Jiyva
  3509 | D:4      | Gained mutation: You have a somewhat thin skeletal
                  | structure. (Dex +2, Stealth+) [Jiyva's grace]
  3509 | D:4      | Gained mutation: You have a moderately thin skeletal
                  | structure. (Dex +4, Stealth++) [Jiyva's grace]
  3509 | D:4      | Gained mutation: You have an unnaturally thin skeletal
                  | structure. (Dex +6, Stealth+++) [Jiyva's grace]
  3509 | D:4      | Gained mutation: You have a pair of small antennae on your
                  | head. [Jiyva's grace]
  3526 | D:4      | Noticed a phantom
  3552 | D:4      | Killed a phantom
  3553 | D:4      | Reached skill level 1 in Hexes
  3553 | D:4      | Reached skill level 1 in Ice Magic
  3553 | D:4      | Reached XP level 6. HP: 39/50 MP: 6/8
  3938 | D:5      | Entered Level 5 of the Dungeon
  4259 | D:5      | Reached **** piety under Jiyva
  4405 | D:5      | Your scales start taking on an icy white colour.
  4405 | D:5      | Reached XP level 7. HP: 57/57 MP: 7/9
  4405 | D:5      | Gained mutation: Your flesh is cold resistant. (rC+) [White
                  | Draconian growth]
  4456 | D:5      | Found a radiant altar of Vehumet.
  4566 | D:5      | Noticed user425776's ghost (weakling SpDe)
  4567 | D:5      | Found a runed translucent door.
  4577 | D:5      | Killed user425776's ghost
  4885 | D:6      | Found a sand-covered staircase.
  4894 | D:6      | Reached ***** piety under Jiyva
  4903 | Ossuary  | Entered an ossuary
  5168 | Ossuary  | Noticed a slime creature
  5168 | Ossuary  | a mummy changed into a slime creature
  5435 | D:6      | Found an opulent altar of Gozag.
  5498 | D:6      | Found a staircase to the Ecumenical Temple.
  5504 | D:6      | Gained mutation: You have acidic saliva. [Jiyva's grace]
  5504 | D:6      | Gained mutation: You have a small jelly attached to you
                  | that senses nearby items. [Jiyva's grace]
  5504 | D:6      | Gained mutation: Your melee attacks may engulf your foes in
                  | ooze. [Jiyva's grace]
  5504 | D:6      | Gained mutation: You are strong-willed. (Will+) [Jiyva's
                  | grace]
  5535 | D:6      | Reached XP level 8. HP: 66/66 MP: 11/11
  6088 | D:7      | Found a glowing golden altar of the Shining One.
  6090 | D:7      | Found a broken altar of Ashenzari.
  6117 | D:7      | Found a shadowy altar of Dithmenos.
  6225 | D:7      | Learned a level 1 spell: Summon Small Mammal
  6700 | D:8      | Lost mutation: You have an unnaturally thin skeletal
                  | structure. (Dex +6, Stealth+++) [Jiyva's grace]
  6700 | D:8      | Lost mutation: You have acidic saliva. [Jiyva's grace]
  6700 | D:8      | Lost mutation: Your melee attacks may engulf your foes in
                  | ooze. [Jiyva's grace]
  6700 | D:8      | Gained mutation: You are highly strong-willed. (Will++)
                  | [Jiyva's grace]
  6700 | D:8      | Gained mutation: You are extremely strong-willed. (Will+++)
                  | [Jiyva's grace]
  6700 | D:8      | Gained mutation: You are covered in slimy tendrils that may
                  | disarm your opponents. [Jiyva's grace]
  6700 | D:8      | Gained mutation: Your large and strong wings let you fly.
                  | [Jiyva's grace]
  6700 | D:8      | Identified the +1 chain mail "Dufotraz" {rCorr}
  7002 | D:8      | Reached skill level 5 in Stealth
  7002 | D:8      | Reached skill level 1 in Evocations
  7010 | D:8      | Reached skill level 1 in Transmutations
  7269 | D:8      | Noticed Pikel
  7285 | D:8      | Killed Pikel
  7286 | D:8      | Reached skill level 1 in Fire Magic
  7286 | D:8      | Reached skill level 1 in Poison Magic
  7286 | D:8      | Reached XP level 9. HP: 72/72 MP: 11/13
  8058 | D:9      | Found Yppuasch's Distillery.
  8063 | D:9      | Bought a potion of might for 48 gold pieces
  8063 | D:9      | Bought a potion of lignification for 36 gold pieces
  8172 | D:9      | Found a stormy altar of Qazlal.
  8277 | D:9      | Noticed a troll
  8286 | D:9      | Killed a troll
  8319 | D:9      | Noticed a death yak
  8321 | D:9      | Noticed a death yak
  8323 | D:9      | Noticed a death yak
  8333 | D:9      | Killed a death yak
  8334 | D:9      | Reached skill level 5 in Fighting
  8337 | D:9      | Killed a death yak
  8338 | D:9      | Reached skill level 5 in Short Blades
  8338 | D:9      | Reached XP level 10. HP: 67/81 MP: 15/15
  8341 | D:9      | Killed a death yak
  8342 | D:9      | Reached skill level 5 in Ranged Weapons
  8363 | D:9      | Noticed Gastronok
  8395 | D:9      | Reached skill level 6 in Stealth
  8411 | D:9      | Killed Gastronok
  8422 | D:9      | Found a staircase to the Lair.
  8525 | D:9      | Found a staircase to the Orcish Mines.
  8670 | D:9      | Identified a scroll of acquirement
  8670 | D:9      | Acquired the +0 longbow of the Blushing Sybil {freeze,
                  | Will+}
  8740 | Orc:1    | Entered Level 1 of the Orcish Mines
  8740 | Orc:1    | Noticed an orc sorcerer
  8752 | Orc:1    | Killed an orc sorcerer
  8830 | Orc:2    | Entered Level 2 of the Orcish Mines
  8874 | Orc:2    | Lost mutation: You have a moderately thin skeletal
                  | structure. (Dex +4, Stealth++) [Jiyva's grace]
  8874 | Orc:2    | Lost mutation: You are extremely strong-willed. (Will+++)
                  | [Jiyva's grace]
  8874 | Orc:2    | Gained mutation: You have a pair of antennae on your head.
                  | [Jiyva's grace]
  8874 | Orc:2    | Gained mutation: You have a pair of large antennae on your
                  | head. (SInv) [Jiyva's grace]
  8874 | Orc:2    | Gained mutation: Your spells are a little harder to cast,
                  | but a little more powerful. [Jiyva's grace]
  8874 | Orc:2    | Gained mutation: Your spells are harder to cast, but more
                  | powerful. [Jiyva's grace]
  8907 | Orc:2    | Reached skill level 5 in Ice Magic
  9096 | Orc:2    | HP: 3/81 [orc priest/divine providence (12)]
  9114 | Orc:2    | Reached skill level 5 in Dodging
  9140 | Orc:2    | Noticed an orc high priest
  9141 | Orc:2    | Killed from afar by an orc priest

Illustrated notes

Levels and vault maps discovered:
D:1:      lemuel_arrival_cross, layout_basic, chequers_ecumenical_altar_island
D:2:      layout_basic
D:3:      layout_basic, mainiacjoe_overflow_boulevard
D:4:      layout_basic, serial_glass, glass_columns_b, glass_columns_b,
          glass_columns_c, glass_columns_c, item_on_display_b,
          minmay_strange_pillars, serial_shops, nicolae_shop_stone,
          kennysheep_windowed_goal
D:5:      layout_basic, kennysheep_mini_moat, gammafunk_ghost_grave
D:6:      layout_layer_cave, nicolae_gozag_cash_rules_everything_around_me,
          minmay_temple_entry_drinking_statues, enter_ossuary_1,
          hangedman_decor_growths
D:7:      layout_loops_ring, lemuel_coloured_pillars_altar,
          grunt_temple_overflow_open
D:8:      layout_loops_corners, minmay_tree_intersection, uniq_pikel
D:9:      layout_roguey, mainiacjoe_overflow_brackets, dpeg_lair_monsters,
          orc_0_dummy, serial_shops, kennysheep_little_box, uniq_gastronok
Orc:1:    layout_diamond_mine, basic_altar, serial_shops, shop_statue, shop,
          shop, nicolae_shop_window_shopping, elf_legates
Orc:2:    st_orc_pillars, layout_diamond_mine

Skill      XL: |  1  2  3  4  5  6  7  8  9 10 |
---------------+-------------------------------+-----
Dodging        | 1 2 3 4 5 |  5.0
Stealth        | 4 5 6 |  6.5
Throwing       | 2 3 4 |  4.6
Ranged Weapons | 1 2 3 4 5 |  5.2
Spellcasting   | 1 2 3 4 |  4.0
Hexes          | 1 2 3 |  3.8
Ice Magic      | 1 2 3 4 5 |  5.1
Fighting       | 3 4 5 |  5.6
Short Blades   | 3 4 5 |  5.6
Evocations     | 1 2 3 |  3.4
Transmutations | 1 2 3 |  3.5
Fire Magic     | 1 2 |  2.9
Poison Magic   | 1 2 3 |  3.4

Action                   |  1- 3 |  4- 6 |  7- 9 | 10-12 || total
-------------------------+-------+-------+-------+-------++-------
Melee: Dagger            |    94 |    53 |   170 |    63 ||   380
       Tailslap          |     5 |    11 |    30 |    14 ||    60
       Punch             |       |       |     3 |     1 ||     4
 Fire: Arbalest          |    36 |    38 |    53 |     3 ||   130
       Longbow           |       |       |       |    11 ||    11
Throw: Dart              |       |       |     1 |     3 ||     4
 Cast: Ensorcelled Hiber |       |    15 |    17 |     8 ||    40
       Ignite Poison     |       |       |       |     1 ||     1
Invok: Oozemancy         |       |       |     5 |       ||     5
       Slimify           |       |       |     2 |     2 ||     4
 Abil: Breathe Frost     |       |       |    13 |     8 ||    21
Evoke: Wand              |       |       |    14 |    10 ||    24
  Use: Scroll            |     6 |       |     4 |     4 ||    14
       Potion            |     1 |     3 |       |     6 ||    10
 Stab: Sleeping          |     3 |     5 |    10 |     5 ||    23
       Invisible         |       |       |     2 |     4 ||     6
Armor: Skin              |    33 |    24 |    80 |    34 ||   171
Dodge: Dodged            |    61 |    55 |   180 |    64 ||   360
